 Dungeon Crawl Stone Soup version 0.19-a0-1193-g2641e52 (webtiles) character file.

25945 4thArraOfDagon the Brawler (level 12, -3/104 HPs)
             Began as a Troll Berserker on Aug 19, 2016.
             Was a High Priest of Trog.
             Slain by a wolf spider (12 damage)
             ... on level 15 of the Dungeon.
             The game lasted 00:24:24 (5126 turns).

4thArraOfDagon the Brawler (Troll Berserker)        Turns: 5126, Time: 00:24:25

Health: -3/104     AC:  9    Str: 29    XL:     12   Next: 94%
Magic:  11/11      EV: 13    Int:  6    God:    Trog [*****.]
Gold:   615        SH: 18    Dex: 16    Spells: 0 memorised, 11 levels left

rFire  . . .     SeeInvis .       - Unarmed
rCold  . . .     Gourm    +     s - +1 robe {MR+}
rNeg   . . .     Faith    .     t - +0 large shield (curse)
rPois  .         Spirit   .     (helmet restricted)
rElec  .         Dismiss  .     d - +2 cloak
rCorr  .         Reflect  .     (gloves unavailable)
MR     +++..     Harm     .     (boots unavailable)
Stlth  ++........ Rnd*Tele +    K - amulet of rage
                                (no ring)
                                M - +2 ring of dexterity

@: agile, lethally poisoned (-3 -> -9), about to teleport, very slightly
contaminated, regenerating
A: unfitting armour, claws 3, fast metabolism 3, gourmand, regeneration 2,
shaggy fur 1, teleportitis 1, tough skin 2
a: Berserk, Trog's Hand, Brothers in Arms, Burn Spellbooks, Renounce Religion,
Evoke Berserk Rage


You were on level 15 of the Dungeon.
You worshipped Trog.
Trog was extremely pleased with you.
You were full.

You visited 2 branches of the dungeon, and saw 17 of its levels.
You also visited: Sewer.

You collected 967 gold pieces.
You spent 352 gold pieces at shops.

Inventory:

Missiles
 u - 8 poisoned javelins (quivered)
 O - 7 curare-tipped needles
Armour
 a - a +0 animal skin
 c - a +0 cloak
 d - a +2 cloak (worn)
 m - a +2 robe of the Archmagi
 s - a +1 robe of magic resistance (worn)
 t - a cursed +0 large shield (worn)
 I - a troll hide
 N - a +2 robe of cold resistance
Jewellery
 K - an amulet of rage (around neck)
 M - a +2 ring of dexterity (left claw)
Wands
 l - a wand of flame (20/48)
 v - a wand of confusion (30/48)
 y - a wand of lightning (5/15)
 H - a wand of disintegration (18/24)
 J - a wand of paralysis (17/24)
Scrolls
 e - a scroll of immolation {unknown}
 f - 4 scrolls of teleportation
 g - 3 scrolls of identify
 i - a scroll of blinking
 n - a scroll of vulnerability {unknown}
 p - a scroll of amnesia {unknown}
 q - a scroll of noise
 r - a scroll of recharging {unknown}
 C - 2 scrolls of remove curse {unknown}
 D - a scroll of fear {unknown}
 G - a scroll of holy word {unknown}
 L - a scroll of enchant armour {unknown}
Potions
 k - a potion of beneficial mutation
 o - a potion of cancellation {unknown}
 A - a potion of flight {unknown}
 E - a potion of degeneration {unknown}
 P - a potion of curing {unknown}
Books
 w - a book of the Sky

   Spells                             Type                      Level
   a - Summon Lightning Spire         Summoning/Air                4
   b - Airstrike                      Air                          4
   c - Silence                        Hexes/Air                    5
   d - Deflect Missiles               Charms/Air                   6
   e - Conjure Ball Lightning         Conjuration/Air              6
   f - Tornado                        Air                          9
   Trog disapproves of the use of such an item.
 x - a book of the Sky

   Spells                             Type                      Level
   a - Summon Lightning Spire         Summoning/Air                4
   b - Airstrike                      Air                          4
   c - Silence                        Hexes/Air                    5
   d - Deflect Missiles               Charms/Air                   6
   e - Conjure Ball Lightning         Conjuration/Air              6
   f - Tornado                        Air                          9
   Trog disapproves of the use of such an item.
 B - a book of Alchemy

   Spells                             Type                      Level
   a - Sublimation of Blood           Necromancy                   2
   b - Ignite Poison                  Fire/Transmutation/Poison    3
   c - Petrify                        Transmutation/Earth          4
   d - Alistair's Intoxication        Transmutation/Poison         5
   e - Irradiate                      Conjuration/Transmutation    5
   Trog disapproves of the use of such an item.
 F - a Grand Grimoire

   Spells                             Type                      Level
   a - Monstrous Menagerie            Summoning                    7
   b - Summon Greater Demon           Summoning                    7
   c - Malign Gateway                 Summoning/Translocation      7
   d - Summon Horrible Things         Summoning                    8
   Trog disapproves of the use of such an item.
Miscellaneous
 h - a phantom mirror
Comestibles
 b - 11 bread rations
 j - 4 meat rations


   Skills:
 - Level 2.4 Fighting
 - Level 2.4 Dodging
 + Level 8.3 Shields
 * Level 18.4 Unarmed Combat


You had 11 spell levels left.
You didn't know any spells.

Dungeon Overview and Level Annotations

Branches:
Dungeon (15/15)              Lair (0/6) D:8             Orc (2/2) D:12
    Elf (0/3) Orc:2
 Temple: D:4-7       Vaults: D:13-14     Depths: D:15

Altars:
Okawaru
Vehumet
Xom
Beogh

Shops:
D:11 }   D:14 (   Orc:1 (   Orc:2 =((}

Annotations:
D:15 Urug


Innate Abilities, Weirdness & Mutations

You are too large for most types of armour.
You have claws for hands.
Your metabolism is lightning-fast.
You like to eat raw meat.
You heal very quickly.
You are covered in fur. (AC +1)
You have very tough skin. (AC +2)
You are occasionally teleported next to monsters.


Message History

The centaur is engulfed in calcifying dust. x2
The wolf spider hits you.
* * * LOW HITPOINT WARNING * * *
You block the wolf spider's attack.
Unknown command.
Unknown command.
Unknown command.
You feel agile all of a sudden.
You feel very sick.
The centaur is engulfed in calcifying dust.
The wolf spider hits you but does no damage.
The wolf spider barely misses you.
Unknown command.
Unknown command.
As you read the scroll of teleportation, it crumbles to dust.
You feel strangely unstable.
You feel very sick. The wolf spider completely misses you.
You block the wolf spider's attack. The wolf spider hits you!
You die...

## #.. .N# #.###
#......... #..Y
#.....$... #.≈.
#...c...... #...##
.Z....... +###s#
#......O.
#..@#J.#......
#.≈.#..#...#.## .
#..z####(.##..# .O
####c..cz.....#.
.......c##o...#.....
...#...o..zo.##.##..
#.........#.!..# .
...#.......#..### c
#.#......WY#..#


You could see Urug, a wolf spider, 2 centaurs and a wight (petrified).

Vanquished Creatures
  An orc warlord (Orc:2)
  An ogre mage (Orc:2)
  A tengu warrior (D:15)
  The ghost of truemonolith the Grappler, a novice DrMo of Cheibriados (D:7)
  4 orc high priests (Orc:2)
  A hill giant (D:10)
  Pikel (D:6)
  3 orc knights (Orc:2)
  4 orc sorcerers
  Maurice (D:10)
  2 gargoyles (D:14)
  A centaur skeleton (D:12)
  A komodo dragon (D:14)
  A rime drake (D:14)
  10 trolls
  3 two-headed ogres
  Grinder (D:6)
  A wraith (D:14)
  Sigmund (D:2)
  A hippogriff (D:14)
  A hungry ghost (D:10)
  11 wargs
  A hell hound (D:15)
  38 orc warriors
  A sky beast (D:4)
  8 ogres
  A big kobold (D:14)
  Blork the orc (D:5)
  2 giant frogs
  2 scorpions
  20 wights
  A killer bee (D:8)
  A crimson imp (D:14)
  26 orc priests
  A centaur zombie (D:12)
  3 hounds
  21 orc wizards
  3 worker ants
  2 sheep (D:15)
  Robin (D:2)
  A gnoll (D:2)
  9 adders
  3 shadow imps
  8 oozes
  A dart slug (D:2)
  6 giant geckos
  82 orcs
  6 ball pythons
  14 giant cockroaches
  13 goblins
  3 hobgoblins (D:2)
  5 kobolds
  4 bats
  A giant cockroach zombie (D:5)
  12 giant newts
  3 rats
356 creatures vanquished.

Vanquished Creatures (collateral kills)
  Snorg (D:14)
  A centaur warrior (D:15)
  2 hill giants (D:15)
  4 ugly things (D:14)
  A deep elf mage (D:14)
  A rime drake (D:14)
  An efreet (D:14)
  A troll (Orc:2)
  A hippogriff (D:14)
  A warg (Orc:2)
  3 orc warriors
  An ogre (Orc:2)
  An orc wizard (D:14)
  An orc priest (Orc:2)
  2 orcs
22 creatures vanquished.

Vanquished Creatures (others)
  An orc (D:10)
  A rat (D:2)
2 creatures vanquished.

Grand Total: 380 creatures vanquished

Notes
Turn   | Place    | Note
-------+----------+-------------------------------------------
     0 | D:1      | 4thArraOfDagon the Troll Berserker began the quest for the Orb.
     0 | D:1      | Reached XP level 1. HP: 22/22 MP: 0/0
    14 | D:1      | stay posivitive
    27 | D:1      | Ultraviolent4: time to troll the game back
    99 | D:2      | Noticed Robin
   100 | D:2      | Noticed Sigmund
   144 | D:1      | You fall through a shaft!
   170 | D:2      | Reached XP level 2. HP: 29/29 MP: 1/1
   175 | D:2      | Reached skill level 4 in Unarmed Combat
   284 | D:3      | Reached XP level 3. HP: 33/36 MP: 2/2
   344 | D:2      | Killed Sigmund
   344 | D:2      | Reached skill level 6 in Unarmed Combat
   344 | D:2      | Reached XP level 4. HP: 41/44 MP: 3/3
   344 | D:2      | Reached XP level 5. HP: 46/50 MP: 4/4
   447 | D:2      | Killed Robin
   449 | D:2      | Reached ** piety under Trog
   538 | D:3      | Found a faded altar of an unknown god.
   695 | D:3      | Reached XP level 6. HP: 59/59 MP: 5/5
   696 | D:3      | Reached skill level 7 in Unarmed Combat
   707 | D:3      | Found a glowing drain.
   716 | Sewer    | Entered a sewer
   800 | Sewer    | Reached *** piety under Trog
  1006 | D:4      | Noticed a sky beast
  1015 | D:4      | Killed a sky beast
  1015 | D:4      | Reached skill level 8 in Unarmed Combat
  1015 | D:4      | Reached XP level 7. HP: 40/66 MP: 6/6
  1021 | D:4      | Gained mutation: Scrolls take you a little longer to read. [mutagenic meat]
  1162 | D:5      | Entered Level 5 of the Dungeon
  1190 | D:5      | Noticed Blork the orc
  1203 | D:5      | Killed Blork the orc
  1256 | D:5      | Found an iron altar of Okawaru.
  1311 | D:6      | Reached **** piety under Trog
  1311 | D:6      | Reached skill level 9 in Unarmed Combat
  1354 | D:6      | Reached XP level 8. HP: 74/74 MP: 7/7
  1413 | D:6      | Reached skill level 10 in Unarmed Combat
  1438 | D:6      | Noticed Grinder
  1440 | D:6      | Paralysed by Grinder for 6 turns
  1453 | D:6      | Killed Grinder
  1495 | D:7      | Noticed truemonolith's ghost (novice DrMo)
  1515 | D:7      | Killed truemonolith's ghost
  1515 | D:7      | Reached skill level 11 in Unarmed Combat
  1515 | D:7      | Reached XP level 9. HP: 32/80 MP: 8/8
  1588 | D:8      | Reached skill level 12 in Unarmed Combat
  1673 | D:8      | Found a staircase to the Lair.
  1874 | D:6      | Noticed Pikel
  1877 | D:6      | Killed Pikel
  1877 | D:6      | Reached skill level 13 in Unarmed Combat
  2039 | D:10     | Entered Level 10 of the Dungeon
  2103 | D:10     | Found a radiant altar of Vehumet.
  2155 | D:10     | Noticed a hill giant
  2173 | D:10     | Killed a hill giant
  2173 | D:10     | Reached skill level 1 in Shields
  2173 | D:10     | Reached XP level 10. HP: 71/88 MP: 9/9
  2196 | D:10     | Noticed Maurice
  2196 | D:10     | Reached skill level 14 in Unarmed Combat
  2204 | D:10     | Reached ***** piety under Trog
  2214 | D:10     | Killed Maurice
  2431 | D:11     | Found Zyqafuf's Gadget Boutique.
  2741 | D:12     | Found a staircase to the Orcish Mines.
  2757 | Orc:1    | Entered Level 1 of the Orcish Mines
  2758 | Orc:1    | Found a shimmering altar of Xom.
  2847 | Orc:2    | Entered Level 2 of the Orcish Mines
  2953 | Orc:1    | Noticed an orc sorcerer
  2958 | Orc:1    | Noticed an orc sorcerer
  2967 | Orc:1    | Noticed a soul eater
  2973 | Orc:1    | Killed an orc sorcerer
  2973 | Orc:1    | Reached skill level 15 in Unarmed Combat
  3195 | Orc:1    | Reached XP level 11. HP: 58/94 MP: 10/10
  3306 | Orc:2    | Noticed an orc knight
  3317 | Orc:2    | Killed an orc knight
  3319 | Orc:2    | Found Xiboi's Antique Weapon Boutique.
  3344 | Orc:2    | Found Doos's Gadget Shop.
  3344 | Orc:2    | Noticed an orc knight
  3356 | Orc:2    | Killed an orc knight
  3361 | Orc:2    | Bought a wand of disintegration (18/24) for 352 gold pieces
  3385 | Orc:2    | Reached skill level 5 in Shields
  3402 | Orc:2    | Found a roughly hewn altar of Beogh.
  3423 | Orc:2    | Noticed an orc knight
  3423 | Orc:2    | Noticed an orc sorcerer
  3449 | Orc:2    | Killed an orc knight
  3456 | Orc:2    | Reached skill level 16 in Unarmed Combat
  3460 | Orc:2    | Killed an orc sorcerer
  3510 | Orc:2    | Noticed an ogre mage
  3516 | Orc:2    | Killed an ogre mage
  3697 | Orc:2    | Noticed an orc sorcerer
  3705 | Orc:2    | Killed an orc sorcerer
  3865 | Orc:2    | Found a staircase to the Elven Halls.
  3962 | Orc:2    | Reached ****** piety under Trog
  3968 | Orc:2    | Noticed an orc warlord
  3990 | Orc:2    | Killed an orc warlord
  3993 | Orc:2    | Reached skill level 17 in Unarmed Combat
  3993 | Orc:2    | Reached XP level 12. HP: 78/104 MP: 11/11
  4026 | Orc:2    | Found a roughly hewn altar of Beogh.
  4082 | Orc:2    | Found Ciqucvukh's Jewellery Shop.
  4082 | Orc:2    | Noticed an orc high priest
  4091 | Orc:2    | Killed an orc high priest
  4165 | Orc:2    | Noticed an orc high priest
  4172 | Orc:2    | Killed an orc high priest
  4236 | Orc:2    | Received a gift from Trog
  4243 | Orc:2    | Noticed an orc high priest
  4250 | Orc:2    | Killed an orc high priest
  4285 | Orc:2    | Noticed an orc high priest
  4315 | Orc:2    | Found Saanueg's Antique Weapon Boutique.
  4319 | Orc:2    | Killed an orc high priest
  4563 | Orc:1    | Found Xyloefril's Magic Scroll Boutique.
  4563 | Orc:1    | Found Alui's Antique Weapon Emporium.
  4761 | D:14     | Found Ykku's Weapon Shop.
  4813 | D:14     | Noticed Snorg
  4820 | D:14     | Killed Snorg
  4820 | D:14     | Reached skill level 18 in Unarmed Combat
  4900 | D:14     | Gained mutation: You evolve. [mutagenic meat]
  4903 | D:14     | Gained mutation: You expend magic power (3 MP) to strengthen your wands. [mutagenic meat]
  4906 | D:14     | Gained mutation: You have sharp toenails. [mutagenic meat]
  4909 | D:14     | Gained mutation: You are occasionally teleported next to monsters. [mutagenic meat]
  4914 | D:14     | Lost mutation: You expend magic power (3 MP) to strengthen your wands. [potion of cure mutation]
  4914 | D:14     | Lost mutation: You evolve. [potion of cure mutation]
  4914 | D:14     | Lost mutation: Scrolls take you a little longer to read. [potion of cure mutation]
  4914 | D:14     | Lost mutation: You have sharp toenails. [potion of cure mutation]
  4923 | D:14     | Found a frozen archway.
  4930 | D:14     | RIP MUTATIONS
  4978 | D:15     | Entered Level 15 of the Dungeon
  5026 | D:15     | Noticed a tengu warrior
  5043 | D:15     | Killed a tengu warrior
  5089 | D:14     | Noticed a catoblepas
  5096 | D:15     | Noticed Urug
  5097 | D:15     | Noticed a centaur warrior
  5102 | D:15     | Noticed a catoblepas
  5108 | D:15     | Killed a centaur warrior
  5124 | D:15     | Noticed a dire elephant
  5126 | D:15     | Slain by a wolf spider

Vault maps used:
D:1:      minmay_arrival_glassed_features, minmay_misc_feat_five
D:2:      uniq_robin, uniq_sigmund
D:3:      ecumenical_altar_1, portal_sewer_entry_d
D:4:      wad_river_or_something, first_bread
D:5:      okawaru_ov_weapons_minmay, uniq_blork_the_orc
D:6:      uniq_duvessa, uniq_grinder, uniq_pikel
D:7:      basic_altar
D:8:      erik_lair_orcish_takeover
D:9:      serial_shops, shop
D:10:     basic_altar, uniq_maurice
D:11:     serial_shops, nicolae_shop_temple_entry_statues_fountains, the_bakery
D:12:     david_orc_1_choice
D:13:     grunt_vaults_entry_tiered, basic_altar, serial_shops,
          nicolae_shop_statue_plus, shop, minmay_st_funbox, lemuel_statue_altar
D:14:     minmay_misc_feat_nine_boxes, serial_shops, shop, portal_ice_cave_rime,
          einodemon_crawler_minivault, uniq_snorg, uniq_azrael
D:15:     hangedman_depths_entry_try_elsewhere_first, zin_angel, uniq_urug
Orc:1:    basic_altar, guppyfry_orc_lava_fort
Orc:2:    pubby_orc_utopia
Sewer:    sewer_frog_island_02

Skill      XL: |  1  2  3  4  5  6  7  8  9 10 11 12 |
---------------+-------------------------------------+-----
Unarmed Combat | 4 6 8 9 11 13 15 17 18 | 18.4
Shields        | 1 4 6 8 |  8.3
Fighting       | |  2.4
Dodging        | |  2.4

Action                   |  1- 3 |  4- 6 |  7- 9 | 10-12 || total
-------------------------+-------+-------+-------+-------++-------
Melee: Unarmed           |    46 |   165 |   202 |   645 ||  1058
       Punch             |       |     5 |    13 |       ||    18
Invok: Berserk           |     3 |     2 |     7 |    16 ||    28
       Trog's Hand       |       |       |     1 |    12 ||    13
       Brothers in Arms  |       |       |       |     4 ||     4
  Use: Scroll            |       |     2 |       |     8 ||    10
       Potion            |       |       |       |     2 ||     2
 Stab: Sleeping          |       |       |     1 |       ||     1
       Distracted        |       |       |       |     1 ||     1
  Eat: Chunk             |     9 |    11 |    17 |    59 ||    96
Armor: Animal skin       |    24 |    95 |     8 |       ||   127
       Robe              |       |       |    58 |   119 ||   177
Dodge: Dodged            |    38 |   118 |    76 |    74 ||   306
Block: Large shield      |       |       |     3 |   392 ||   395
